 Dungeon Crawl Stone Soup version 0.27-a0-1140-g099f9bb0e8 (webtiles) character file.

Game seed: 11357377976692310921

37 psychosalad the Grave Robber (level 3, 0/24 HPs)
             Began as a Human Necromancer on May 9, 2021.
             Slain by an adder (4 damage)
             ... on level 2 of the Dungeon.
             The game lasted 00:19:23 (1848 turns).

psychosalad the Grave Robber (Human Necromancer)    Turns: 1848, Time: 00:19:24

Health: 0/24       AC:  5    Str:  8    XL:     3   Next: 60%
Magic:  0/6        EV: 12    Int: 16    God:
Gold:   55         SH:  0    Dex: 13    Spells: 5/6 levels left

rFire    . . .     SeeInvis .   (no weapon)
rCold    . . .     Faith    .   (no shield)
rNeg     . . .     Spirit   .   a - +0 robe
rPois    .         Reflect  .   (no helmet)
rElec    .         Harm     .   d - +2 cloak
rCorr    .         Rampage  .   (no gloves)
Will     .....                  (no boots)
Stlth    ++........             (no amulet)
HPRegen  0.08/turn              (no ring)
MPRegen  0.10/turn              (no ring)

@: lethally poisoned (0 -> -6)
A: no striking features
a: no special abilities


You were on level 2 of the Dungeon.
You visited 1 branch of the dungeon, and saw 2 of its levels.

You collected 55 gold pieces.

Inventory:

Hand Weapons
 b - a +0 dagger
 e - a +0 dagger of electrocution
 g - a +0 club
 j - a +0 club
Missiles
 k - 18 stones
Armour
 a - a +0 robe (worn)
 d - a +2 cloak (worn)
Scrolls
 c - 3 scrolls of teleportation
 h - a scroll of amnesia {unknown}
 l - 2 scrolls of blinking {unknown}
Potions
 f - a potion of invisibility
 i - a potion of magic {unknown}


   Skills:
 + Level 2.0 Dodging
 + Level 2.3 Stealth
 + Level 0.9 Unarmed Combat
 + Level 2.4 Spellcasting
 + Level 4.5 Necromancy


You had 5 spell levels left.
You knew the following spells:

 Your Spells              Type           Power      Damage    Failure   Level
a - Pain                  Necr           64%        1d7       3%          1

Your spell library contained the following spells:

 Spells                   Type           Power      Damage    Failure   Level
 Animate Skeleton         Necr           32%        N/A       3%          1
 Vampiric Draining        Necr           8%         2d7       10%         3
 Animate Dead             Necr           8%         N/A       30%         4
 Agony                    Necr           16%        N/A       65%         5


Dungeon Overview and Level Annotations

Branches:
Dungeon (2/15)

Altars:


Message History

The quokka closely misses you.
The quokka bites you but does no damage.
Found 4 gold pieces.
The quokka bites you.
Casting: Pain (safe; 3% risk of failure)
Confirm with . or Enter, or press ? or * to list all spells.
Aiming: Pain (safe; 3% risk of failure)
Press: ? - help, Shift-Dir - straight line, f/p - worm
Aim: a worm (chance to affect: 81%)
The quokka barely resists.
The quokka bites you. The quokka misses you.
You see here 4 gold pieces.
The quokka bites you.
The quokka bites you but does no damage.
Casting: Pain (safe; 3% risk of failure)
Confirm with . or Enter, or press ? or * to list all spells.
Aiming: Pain (safe; 3% risk of failure)
Press: ? - help, Shift-Dir - straight line, f/p - worm
Aim: a worm (chance to affect: 81%)
The quokka writhes in agony.
You kill the quokka!
An endoplasm comes into view.
An adder comes into view.
Casting: Pain (safe; 3% risk of failure)
Confirm with . or Enter, or press ? or * to list all spells.
Aiming: Pain (safe; 3% risk of failure)
Press: ? - help, Shift-Dir - straight line, f - adder
Aim: an adder (asleep, chance to affect: 81%)
The adder writhes in agony.
Casting: Pain (safe; 3% risk of failure)
Confirm with . or Enter, or press ? or * to list all spells.
Aiming: Pain (safe; 3% risk of failure)
Press: ? - help, Shift-Dir - straight line, f/p - adder
Aim: an adder (lightly wounded, chance to affect: 81%)
The adder writhes in agony.
The adder bites you.
* * * LOW HITPOINT WARNING * * *
You are lethally poisoned!
The adder poisons you!
* * * LOW HITPOINT WARNING * * *
You feel sick. The adder bites you.
You die...

#.# ###.####.# #.# ###
.....<...# #.# ..#
###.###### #.# #.# #.#
#.# #.# #.# #.# #.# #
##†###### #.# #.#.#
##..†....# #S#######.#.#
#........# #.@.........#
.>.......# #########.###
#........# ... #.#
.........# #.####.#
.##.##†####### ...##.#
.##........$.#######.##.#
..####.#####....w..J....#
...###.### #########.####
....##...###### #.#


You could see an adder.

Vanquished Creatures
  2 dart slugs
  4 endoplasms (D:1)
  A giant cockroach (D:1)
  4 goblins (D:1)
  2 hobgoblins (D:1)
  2 quokkas
  4 ball pythons
  4 bats
  6 frilled lizards
  A kobold (D:1)
  2 rats
32 creatures vanquished.

Notes
Turn   | Place    | Note
-------+----------+-------------------------------------------
     0 | D:1      | psychosalad the Human Necromancer began the quest for the
                  | Orb.
     0 | D:1      | Reached XP level 1. HP: 13/13 MP: 3/3
   183 | D:1      | Reached XP level 2. HP: 4/19 MP: 1/5
   609 | D:1      | Found a faded altar of an unknown god.
   903 | D:1      | Reached XP level 3. HP: 5/24 MP: 3/6
  1848 | D:2      | Slain by an adder

Illustrated notes

Levels and vault maps discovered:
D:1:      dpeg_arrival_chambers_temple_mockup, layout_basic,
          shapermc_ecumenical_altar_notcrosses
D:2:      layout_loops_ring, uniq_jessica, uniq_crazy_yiuf_cottage

Action                   || total
-------------------------++-------
Melee: Unarmed           ||    20
 Cast: Pain              ||    64
  Use: Scroll            ||     1
       Potion            ||     2
 Stab: Sleeping          ||     2
Armor: Robe              ||    19
Dodge: Dodged            ||    26

Table legend: (Time is in decaauts)
 A = Elapsed time spent in this place.
 B = Non-inter-level travel time spent in this place.
 C = Inter-level travel time spent in this place.
 D = Time resting spent in this place.
 E = Time spent auto-exploring this place.
 F = Levels seen in this place.
 G = Mean time per level.
                   A        B        C        D        E       F      G
               +--------+--------+--------+--------+--------+-----+--------+
         Total |   1854 |   1213 |    641 |    269 |    533 |   2 |  927.0 |
       Dungeon |   1854 |   1213 |    641 |    269 |    533 |   2 |  927.0 |
               +--------+--------+--------+--------+--------+-----+--------+

Top non-repeatable levels by time:
     D:1: 1703 daAuts
     D:2: 150 daAuts
